 Dungeon Crawl Stone Soup version 0.26-a0-682-g294304f6e8 (webtiles) character file.

Game seed: 14016450210330293137

80175 DogServant the Grappler (level 15, 0/132 HPs)
             Began as a Grey Draconian Transmuter on Oct 20, 2020.
             Was a High Priest of Uskayaw.
             Slain by an orc warrior
             ... wielding a +0 glaive
              (25 damage)
             ... on level 1 of the Orcish Mines.
             The game lasted 01:08:44 (33826 turns).

DogServant the Grappler (DrTm)                     Turns: 33826, Time: 01:08:45

Health: 0/132      AC: 16    Str: 20    XL:     15   Next: 23%
Magic:  18/24      EV: 17    Int: 14    God:    Uskayaw [*****.]
Gold:   1340       SH:  5    Dex: 12    Spells: 6/23 levels left

rFire    + . .     SeeInvis .     - Unarmed
rCold    . . .     Faith    .   (shield currently unavailable)
rNeg     + . .     Spirit   .   (armour unavailable)
rPois    +         Reflect  +   c - +2 hat
rElec    .         Harm     .   J - scarf {+Inv}
rCorr    .         Rampage  .   (gloves currently unavailable)
MR       ++...                  (no boots)
Stlth    +.........             D - amulet of Bumaoc {Reflect rF+ rN+ Slay+3 SH+5}
HPRegen  0.00/turn              T - ring "Cityukoe" {rPois Str+2}
MPRegen  0.19/turn              V - ring of protection from magic

@: mighty, blade hands
A: walk through water, unfitting armour, beak, talons 1, inhibited regeneration,
unbreathing, cold-blooded, AC +14
a: End Transformation, Stomp, Line Pass, Grand Finale, Renounce Religion, Evoke
Invisibility


You were on level 1 of the Orcish Mines.
You worshipped Uskayaw.
Uskayaw was pleased with you.
You had blades for hands.
You visited 5 branches of the dungeon, and saw 24 of its levels.
You also visited: Ossuary and Ice Cave.

You collected 1968 gold pieces.
You spent 628 gold pieces at shops.

Inventory:

Missiles
 w - 124 poisoned darts (quivered)
Armour
 c - a +2 hat (worn)
 v - a +1 pair of gloves (melded)
 H - a cursed +0 buckler
 J - a scarf of invisibility (worn)
 N - the cursed +0 helmet of Wyarivur {rPois Str+4 Int+2 SInv, unknown}
   (You found it on level 12 of the Dungeon)

   It affects your strength (+4).
   It affects your intelligence (+2).
   It protects you from poison.
   It lets you see invisible.
   It has a curse placed upon it.
Magical Staves
 G - an uncursed staff of fire {unknown}
Jewellery
 f - an uncursed ring of magical power
 g - an uncursed ring of positive energy
 n - an uncursed ring of wizardry
 s - a +6 ring of intelligence
 D - the amulet of Bumaoc (around neck) {Reflect rF+ rN+ Slay+3 SH+5}
   (You acquired it on level 1 of the Lair of Beasts)

   [amulet of reflection]

   It shields you and reflects attacks.
   It affects your accuracy and damage with ranged weapons and melee attacks
   (+3).
   It protects you from fire.
   It protects you from negative energy.
   It affects your SH (+5).
 K - an uncursed ring of protection from cold
 P - an uncursed ring of magical power
 Q - an uncursed amulet of reflection {unknown}
 T - the ring "Cityukoe" (left scythe-like blade) {rPois Str+2}
   (You bought it in a shop on level 1 of the Orcish Mines)

   [ring of poison resistance]

   It affects your strength (+2).
   It protects you from poison.
 V - a ring of protection from magic (right scythe-like blade)
Wands
 b - a wand of enslavement (3)
 x - a wand of random effects (29)
 y - a wand of digging (11)
 z - a wand of acid (16)
 A - a wand of flame (71)
 E - a wand of iceblast (5)
 R - a wand of polymorph (13)
Scrolls
 l - 7 scrolls of teleportation
 p - 2 scrolls of enchant weapon
 q - 3 scrolls of amnesia
 r - 3 scrolls of fear
 t - 11 scrolls of remove curse
 B - 3 scrolls of summoning
 C - a scroll of blinking
 L - 2 scrolls of enchant armour
 M - a scroll of holy word
 O - 3 scrolls of magic mapping
Potions
 a - 7 potions of haste
 d - 5 potions of brilliance
 e - a potion of heal wounds
 h - 4 potions of flight
 i - 3 potions of resistance
 j - 11 potions of ambrosia
 k - a potion of degeneration
 m - 3 potions of lignification
 u - 5 potions of curing
 F - a potion of invisibility
 I - a potion of stabbing
 U - a potion of cancellation
Miscellaneous
 o - a phial of floods


   Skills:
 - Level 12.1 Fighting
 + Level 9.8 Dodging
 - Level 14.1 Unarmed Combat
 - Level 4.5 Spellcasting
 * Level 11.7 Transmutations
 + Level 5.4 Ice Magic
 - Level 12.0 Invocations
 - Level 5.3 Evocations


You had 6 spell levels left.
You knew the following spells:

 Your Spells              Type           Power        Failure   Level
b - Wereblood             Tmut           #####...     9%          2
c - Spider Form           Tmut/Pois      ###.......   32%         3
d - Ice Form              Ice/Tmut       ####....     34%         4
e - Blade Hands           Tmut           #####.....   30%         5
f - Frozen Ramparts       Ice            ###...       36%         3

Your spell library contained the following spells:

 Spells                   Type           Power        Failure   Level
 Beastly Appendage        Tmut           #####.       8%          1
 Passwall                 Tmut/Erth      ###.....     24%         2
 Ensorcelled Hibernation  Hex/Ice        ##....       43%         2
 Petrify                  Tmut/Erth      ###.....     56%         4
 Corona                   Hex            #......      61%         1
 Magic Dart               Conj           #...         61%         1
 Sandblast                Erth           #.....       61%         1
 Hydra Form               Tmut           #####.....   65%         6
 Blink                    Tloc           N/A          71%         2
 Call Imp                 Summ           #.......     71%         2
 Slow                     Hex            #.......     71%         2
 Irradiate                Conj/Tmut      ###.......   82%         5
 Confusing Touch          Hex            #.......     87%         3
 Conjure Flame            Conj/Fire      #.......     87%         3
 Dazzling Flash           Conj/Hex       #.....       87%         3
 Inner Flame              Hex/Fire       #.......     87%         3
 Mephitic Cloud           Conj/Pois/Air  #.......     87%         3
 Portal Projectile        Hex/Tloc       #.....       87%         3
 Stone Arrow              Conj/Erth      #.....       87%         3
 Teleport Other           Tloc           #.......     87%         3
 Tukima's Dance           Hex            #.......     87%         3
 Cause Fear               Hex            #.........   99%         4
 Leda's Liquefaction      Hex/Erth       #.........   99%         4
 Metabolic Englaciation   Hex/Ice        ##........   99%         5
 Statue Form              Tmut/Erth      ###......    99%         6
 Bolt of Magma            Conj/Fire/Erth #.........   100%        5
 Iskenderun's Battlesphe  Conj           #.......     100%        5
 Lee's Rapid Deconstruct  Erth           #.........   100%        5
 Freezing Cloud           Conj/Ice/Air   #.........   100%        6
 Iron Shot                Conj/Erth      #.........   100%        6
 Ozocubu's Refrigeration  Ice            ###.......   100%        6
 Simulacrum               Ice/Necr       ##........   100%        6
 Dragon Form              Tmut           #####.....   97%         7
 Orb of Destruction       Conj           #.........   100%        7
 Spellforged Servitor     Conj/Summ      #.........   100%        7


Dungeon Overview and Level Annotations

Branches:
Dungeon (14/15)            Temple (1/1) D:6            Lair (6/6) D:9
  Swamp (0/4) Lair:4       Spider (1/4) Lair:2        Slime (0/5) Lair:5
    Orc (2/2) D:10            Elf (0/3) Orc:2       Ossuary (visited)
  IceCv (visited)
 Vaults: D:13-14

Altars:
Ashenzari
Cheibriados
Dithmenos
Elyvilon
Fedhas
Hepliaklqana
Kikubaaqudgha
Makhleb
Okawaru
Qazlal
Ru
Sif Muna
Trog
Uskayaw
Vehumet
Wu Jian
Xom
Yredelemnul
Zin
The Shining One
Beogh

Shops:
D:5 ?   D:13 !   D:14 :   Orc:1 }=   Orc:2 *

Annotations:
D:6 3 runed translucent doors, Tux's ghost, novice DDEE
D:10 3 runed translucent doors, P0WERM0DE's ghost, novice OpDe
D:13 Jorgrun
Lair:4 2 transporters, Ceoqa's ghost, journeyman OgWz
Lair:6 exclusion: 4 oklob plants


Innate Abilities, Weirdness & Mutations

You can walk through water.
Your dull iron-grey scales are very hard. (AC +14)
You cannot fit into any form of body armour.
You can survive without breathing.
You are cold-blooded and may be slowed by cold attacks.
You have a beak for a mouth.
You have sharp toenails.
You do not regenerate when monsters are visible.


Message History

The orc warrior hits you with a +0 halberd!
* * * LOW HITPOINT WARNING * * *
The orc priest misses you. The orc barely misses you.
You shred the ogre!!!
You kill the ogre!
The orc warrior is no longer sharing its pain. x2
You block the orc's attack. The orc warrior barely misses you.
You block the orc's attack. You block the orc warrior's attack.
An orc comes into view. It is wielding a +0 dagger.
You block the orc priest's attack.
You shred the orc warrior!!!
You kill the orc warrior!
You hear a shout!
The orc closely misses you.
The orc warrior throws a boomerang.
The boomerang closely misses you.
The weapon returns to the orc warrior!
You slice the orc!!
You kill the orc priest!
You kill the orc!
The orc is no longer sharing its pain.
The orc warrior hits you from afar with a +0 glaive!!
You die...

...o..oo...oo..
..........#......
..o...........$o
........>.o.....
.......∩..^.....
##o..)...........
#.o))...o..o.....
#oo)oo)........##
#)@oo#........o.#
##o)T.........o.h
##o)...#...o..o.
#.o..# ...##
..... ..... .#...
...


You could see an orc high priest, a troll, 4 orc warriors, an orc priest (pain
bonded), an orc wizard and 6 orcs.

Vanquished Creatures
  Rupert (D:14)
  Gastronok (D:8)
  A frost giant (IceCv)
  An orc warlord (Orc:2)
  A fire dragon (Lair:6)
  4 hydras (Lair:6)
  A centaur warrior (D:14)
  A tengu warrior (D:14)
  5 two-headed ogres
  7 death yaks
  3 skeletal warriors (D:13)
  A lindwurm (Lair:6)
  Pikel (D:4)
  An orb spider (Lair:2)
  A deep elf mage (D:14)
  2 cyclopes
  6 ugly things
  8 black mambas
  An ice statue (IceCv)
  3 molten gargoyles (Lair:6)
  2 torpor snails (Lair:4)
  10 elephants
  13 cane toads
  A gargoyle (D:12)
  A demonic crawler (Spider:1)
  An efreet (D:14)
  4 rime drakes
  15 komodo dragons
  2 tengu conjurers (D:14)
  3 trolls
  A queen bee (Lair:3)
  17 polar bears
  3 meliai (D:14)
  4 slime creatures
  2 hornets
  5 dream sheep (Lair:5)
  3 blink frogs (Lair:1)
  A meliai zombie (D:11)
  2 shadows (D:14)
  6 wyverns
  71 yaks
  Eustachio (D:4)
  A wraith (D:14)
  4 steam dragons
  6 basilisks
  An acid dragon (D:14)
  5 hell hounds (Lair:6)
  10 water moccasins
  A black bear (D:8)
  A sky beast (D:9)
  6 ice beasts
  17 orc warriors
  An eye of draining (D:10)
  34 wolves
  6 centaurs
  3 phantoms
  A necrophage (D:14)
  10 ogres
  A lemure (D:4)
  An elf zombie (D:5)
  2 big kobolds
  22 bullfrogs
  2 gnoll sergeants
  3 scorpions
  An elf skeleton (D:5)
  A wyvern skeleton (D:11)
  A water moccasin skeleton (D:6)
  40 killer bees
  13 wights
  A bullfrog zombie (D:6)
  4 centaur zombies
  4 lava snakes (Lair:6)
  4 human zombies
  A quasit (D:10)
  7 hounds
  12 jellies
  18 orc priests
  17 orc wizards
  2 bullfrog skeletons
  5 centaur skeletons
  5 iguanas
  Ijyb (D:4)
  15 worker ants
  2 hound zombies
  3 hound skeletons
  2 mummies (Ossuary)
  A howler monkey zombie (D:5)
  Robin (D:4)
  2 worker ant zombies
  3 gnolls (D:5)
  A howler monkey skeleton (D:11)
  15 adders
  3 shadow imps
  18 white imps
  4 ufetubi
  19 oozes
  2 adder skeletons
  2 adder zombies
  6 worms
  9 leopard geckos
  67 orcs
  7 giant cockroaches
  2 gnoll zombies (D:4)
  18 goblins
  11 hobgoblins
  13 jackals
  11 kobolds
  9 quokkas
  2 ball pythons
  8 bats
  2 frilled lizards
  3 hobgoblin zombies (Ossuary)
  2 jackal zombies (Ossuary)
  15 kobold zombies (Ossuary)
  3 orc skeletons (D:5)
  9 orc zombies (Ossuary)
  2 quokka skeletons
  15 rats
  A rat zombie (Ossuary)
801 creatures vanquished.

Vanquished Creatures (collateral kills)
  A wight (D:6)
1 creature vanquished.

Vanquished Creatures (others)
  An unseen horror (D:14)
  An orc (D:8)
  27 fungi
  19 plants
48 creatures vanquished.

Grand Total: 850 creatures vanquished

Notes
Turn   | Place    | Note
-------+----------+-------------------------------------------
     0 | D:1      | DogServant the Draconian Transmuter began the quest for the
                  | Orb.
     0 | D:1      | Reached XP level 1. HP: 16/16 MP: 3/3
   441 | D:1      | Reached XP level 2. HP: 23/23 MP: 3/5
   445 | D:1      | Learned a level 2 spell: Wereblood
  1346 | D:2      | Found a faded altar of an unknown god.
  1431 | D:2      | Found a bloodstained altar of Trog.
  1439 | D:2      | Reached XP level 3. HP: 28/28 MP: 4/6
  1701 | D:2      | Found an ornate altar of the Wu Jian Council.
  1770 | D:2      | Reached skill level 4 in Unarmed Combat
  1968 | D:2      | Reached XP level 4. HP: 21/35 MP: 5/7
  2343 | D:2      | Gained mutation: Your spells are a little harder to cast,
                  | but a little more powerful. [potion of mutation]
  2343 | D:2      | Gained mutation: You are frail. (-10% HP) [potion of
                  | mutation]
  2343 | D:2      | Gained mutation: Your flesh is cold resistant. (rC+)
                  | [potion of mutation]
  3135 | D:3      | Reached XP level 5. HP: 30/36 MP: 6/8
  3860 | D:3      | Learned a level 3 spell: Spider Form
  3879 | D:3      | Reached skill level 5 in Unarmed Combat
  4173 | D:3      | Found a burning altar of Makhleb.
  4177 | D:3      | Reached XP level 6. HP: 39/42 MP: 7/9
  4834 | D:4      | Got a crude lapis lazuli ring
  4904 | D:4      | Reached skill level 5 in Transmutations
  4993 | D:4      | Noticed Robin
  5014 | D:4      | Killed Robin
  5310 | D:4      | Found a broken altar of Ashenzari.
  5378 | D:4      | Noticed Ijyb
  5387 | D:4      | Killed Ijyb
  5445 | D:4      | Noticed Pikel
  5524 | D:4      | Killed Pikel
  5524 | D:4      | Reached skill level 5 in Fighting
  5524 | D:4      | Your scales start taking on a dull iron-grey colour.
  5524 | D:4      | Reached XP level 7. HP: 13/54 MP: 5/10
  5524 | D:4      | Gained mutation: You can survive without breathing. [Grey
                  | Draconian growth]
  5857 | D:4      | Learned a level 4 spell: Ice Form
  6061 | D:4      | Found a basalt altar of Yredelemnul.
  6203 | D:4      | Noticed Eustachio
  6230 | D:4      | Killed Eustachio
  6230 | D:4      | Reached skill level 1 in Ice Magic
  6230 | D:4      | Reached XP level 8. HP: 24/61 MP: 4/11
  6577 | D:4      | Found a glowing golden altar of the Shining One.
  6617 | D:4      | Identified the cursed ring of Otoox {+Blink rPois EV-4
                  | Str-2 Slay+4} (You found it on level 4 of the Dungeon)
  6721 | D:5      | Entered Level 5 of the Dungeon
  6729 | D:5      | Noticed an angel
  6731 | D:5      | Found a glowing silver altar of Zin.
  6734 | D:5      | Found a shimmering altar of Xom.
  6772 | D:5      | Found a blossoming altar of Fedhas.
  6802 | D:5      | Found Xaaxkipt's Magic Scroll Shop.
  6855 | D:5      | Bought a scroll of teleportation for 33 gold pieces
  6855 | D:5      | Bought a scroll of teleportation for 33 gold pieces
  6990 | D:5      | Found a shimmering blue altar of Sif Muna.
  7139 | D:5      | Found a sand-covered staircase.
  7146 | Ossuary  | Entered an ossuary
  7545 | Ossuary  | Reached skill level 6 in Unarmed Combat
  8008 | D:5      | Reached skill level 7 in Unarmed Combat
  8034 | D:5      | Reached XP level 9. HP: 28/67 MP: 2/12
  8244 | D:5      | Found a stormy altar of Qazlal.
  8697 | D:5      | Reached skill level 8 in Unarmed Combat
  8888 | D:6      | Found a white marble altar of Elyvilon.
  9050 | D:6      | Found a staircase to the Ecumenical Temple.
  9065 | Temple   | Entered the Ecumenical Temple
  9271 | Temple   | Became a worshipper of Uskayaw the Reveler
  9317 | D:6      | Reached * piety under Uskayaw
  9363 | D:6      | Reached ** piety under Uskayaw
  9742 | D:6      | Reached skill level 1 in Invocations
 10107 | D:6      | Reached *** piety under Uskayaw
 10287 | D:6      | Reached **** piety under Uskayaw
 10289 | D:6      | Reached skill level 9 in Unarmed Combat
 10375 | D:6      | Noticed Tux's ghost (novice DDEE)
 10376 | D:6      | Found a runed translucent gate.
 10376 | D:6      | Found a runed translucent gate.
 10376 | D:6      | Found a runed translucent gate.
 10376 | D:6      | Identified the +2 battleaxe of the Three Spines {vorpal,
                  | rN++}
 10379 | D:6      | Found a roughly hewn altar of Beogh.
 10772 | D:6      | Found a hazy altar of Hepliaklqana.
 11430 | D:7      | Noticed a cyan ugly thing
 11441 | D:7      | Killed a cyan ugly thing
 11441 | D:7      | Reached XP level 10. HP: 77/77 MP: 11/13
 11444 | D:7      | Noticed a brown ugly thing
 11886 | D:8      | Noticed Gastronok
 11904 | D:8      | Killed Gastronok
 11904 | D:8      | Reached skill level 5 in Invocations
 12406 | D:8      | Reached skill level 10 in Unarmed Combat
 12981 | D:8      | Learned a level 5 spell: Blade Hands
 13812 | D:9      | Reached ***** piety under Uskayaw
 13819 | D:9      | Reached XP level 11. HP: 48/82 MP: 2/16
 14154 | D:9      | Found a staircase to the Lair.
 14495 | D:10     | Entered Level 10 of the Dungeon
 14808 | D:10     | Noticed a two-headed ogre
 14816 | D:10     | Killed a two-headed ogre
 14973 | D:10     | Reached ****** piety under Uskayaw
 15224 | D:10     | Found a staircase to the Orcish Mines.
 15892 | D:10     | Found a runed translucent gate.
 15892 | D:10     | Found a runed translucent gate.
 15892 | D:10     | Found a runed translucent gate.
 15892 | D:10     | Noticed P0WERM0DE's ghost (novice OpDe)
 16739 | D:11     | Noticed a two-headed ogre
 16743 | D:11     | Killed a two-headed ogre
 17146 | D:11     | Reached skill level 11 in Unarmed Combat
 17146 | D:11     | Reached skill level 10 in Transmutations
 17988 | Lair:1   | Entered Level 1 of the Lair of Beasts
 17989 | Lair:1   | Identified a scroll of acquirement
 17989 | Lair:1   | Acquired the amulet of Bumaoc {Reflect rF+ rN+ Slay+3 SH+5}
 18472 | Lair:1   | Reached skill level 10 in Invocations
 18472 | Lair:1   | Reached XP level 12. HP: 93/93 MP: 13/19
 19312 | Lair:2   | Found a hole to the Spider Nest.
 19779 | Lair:2   | Identified the Grimoire of Cold and the Traveller
 20715 | Lair:3   | Found a gate leading to a gauntlet.
 20722 | Lair:3   | Reached skill level 10 in Fighting
 21382 | Lair:3   | Lost mutation: Your spells are a little harder to cast, but
                  | a little more powerful. [potion of mutation]
 21382 | Lair:3   | Lost mutation: You are frail. (-10% HP) [potion of
                  | mutation]
 21382 | Lair:3   | Lost mutation: Your flesh is cold resistant. (rC+) [potion
                  | of mutation]
 21382 | Lair:3   | Gained mutation: Potions are less effective at restoring
                  | your health. [potion of mutation]
 21382 | Lair:3   | Gained mutation: You have a pair of small antennae on your
                  | head. [potion of mutation]
 21382 | Lair:3   | Gained mutation: You have sharp toenails. [potion of
                  | mutation]
 21979 | Lair:4   | Reached skill level 5 in Dodging
 22097 | Lair:4   | Found a frozen archway.
 22124 | IceCv    | Entered an ice cave
 22850 | IceCv    | Reached XP level 13. HP: 102/113 MP: 16/21
 22855 | IceCv    | Learned a level 3 spell: Frozen Ramparts
 22913 | IceCv    | Reached skill level 12 in Unarmed Combat
 22915 | IceCv    | Reached skill level 5 in Ice Magic
 23254 | IceCv    | Noticed a frost giant
 23270 | IceCv    | Killed a frost giant
 23601 | Lair:4   | Found a staircase to the Swamp.
 23698 | Lair:4   | Found a transporter.
 23702 | Lair:4   | Identified the +10 trident "Jitamokkipn" {elec, Int+4 SInv
                  | Stlth+}
 23706 | Lair:4   | Found a bloodstained altar of Trog.
 23706 | Lair:4   | Noticed Ceoqa's ghost (journeyman OgWz)
 23711 | Lair:4   | Found a transporter.
 24141 | Lair:4   | Lost mutation: You have sharp toenails. [potion of
                  | mutation]
 24141 | Lair:4   | Lost mutation: You have a pair of small antennae on your
                  | head. [potion of mutation]
 24141 | Lair:4   | Gained mutation: You do not regenerate when monsters are
                  | visible. [potion of mutation]
 24141 | Lair:4   | Gained mutation: You are robust. (+10% HP) [potion of
                  | mutation]
 24141 | Lair:4   | Gained mutation: You have a beak for a mouth. [potion of
                  | mutation]
 24255 | D:8      | Lost mutation: Potions are less effective at restoring your
                  | health. [potion of mutation]
 24255 | D:8      | Lost mutation: You are robust. (+10% HP) [potion of
                  | mutation]
 24255 | D:8      | Gained mutation: Your spells are a little harder to cast,
                  | but a little more powerful. [potion of mutation]
 25687 | Lair:5   | Found a staircase to the Slime Pits.
 25811 | Lair:6   | Entered Level 6 of the Lair of Beasts
 26214 | Lair:6   | Reached skill level 13 in Unarmed Combat
 26467 | Lair:6   | Reached skill level 1 in Evocations
 26656 | Lair:6   | Reached XP level 14. HP: 121/121 MP: 14/23
 27591 | Lair:6   | Found a large runed translucent door.
 28006 | Lair:6   | Found a large runed translucent door.
 28515 | Lair:6   | Reached skill level 5 in Evocations
 29113 | D:12     | Lost mutation: Your spells are a little harder to cast, but
                  | a little more powerful. [potion of mutation]
 29113 | D:12     | Gained mutation: You have sharp toenails. [potion of
                  | mutation]
 29938 | D:12     | Got a faintly glowing helmet
 30518 | D:13     | Found Zoatsah's Distillery.
 30675 | D:13     | Reached skill level 14 in Unarmed Combat
 30844 | D:13     | Noticed Jorgrun
 31823 | D:14     | Found Lyxzusm's Book Shoppe.
 31997 | D:14     | Noticed Rupert
 32006 | D:14     | Killed Rupert
 32007 | D:14     | Reached XP level 15. HP: 131/131 MP: 15/24
 32633 | Spider:1 | Entered Level 1 of the Spider Nest
 33052 | Orc:1    | Entered Level 1 of the Orcish Mines
 33052 | Orc:1    | Found Tibbuh's Jewellery Boutique.
 33062 | Orc:1    | Bought the ring "Cityukoe" {rPois Str+2} for 312 gold
                  | pieces
 33062 | Orc:1    | Bought an uncursed ring of protection from magic for 250
                  | gold pieces
 33168 | Orc:2    | Entered Level 2 of the Orcish Mines
 33180 | Orc:2    | Found a staircase to the Elven Halls.
 33394 | Orc:2    | Noticed an orc warlord
 33403 | Orc:2    | Killed an orc warlord
 33759 | Orc:2    | Found Hochuideu's General Store.
 33805 | Orc:1    | Found Rivvais's Gadget Shop.
 33826 | Orc:1    | Slain by an orc warrior

Illustrated notes

Levels and vault maps discovered:
D:1:      dpeg_arrival_ratfight, layout_loops_corners
D:2:      layout_loops_cross, old_standard_altar,
          chequers_ecumenical_altar_simple_redux, trog_butcher_becter
D:3:      layout_basic, makhleb_altar_promises_db
D:4:      layout_gridville, lemuel_zombie_altar_yredelemnul,
          kennysheep_little_box, lemuel_crystal_altar, uniq_robin, uniq_pikel,
          uniq_eustachio, uniq_ijyb
D:5:      layout_loops_cross, grunt_temple_overflow_order_and_chaos_1,
          led_sif_pool, fedhas_altar_1, nicolae_ossuary_entry_catacombs,
          serial_shops, nicolae_shop_window_shopping, minmay_ruined_shrine
D:6:      minmay_diamond_boxcup, layout_basic, nicolae_overflow_crystal_walls,
          lemuel_coloured_pillars_altar, minmay_temple_entry_drinking_statues,
          biasface_ghost_orc_armoury
D:7:      layout_cave_pools, grunt_temple_overflow_opulence,
          nrook_loot_triangle, kb_rosetta
D:8:      layout_loops_ring, uniq_gastronok
D:9:      layout_big_octagon, david_lair_generic
D:10:     lemuel_slime, layout_stronghold, david_orc_4,
          gammafunk_ghost_necromancy, hangedman_abyss_or_decor_stabs
D:11:     layout_layer_cave
D:12:     layout_stronghold, grunt_ministairs_12
D:13:     layout_loops_cross, grunt_vaults_entry_tiered, serial_shops,
          shop_fountains, minmay_misc_feat_iff, minmay_misc_feat_enclosed,
          glass_columns_a, uniq_jorgrun
D:14:     layout_basic, serial_shops, kennysheep_mini,
          hangedman_abyss_or_decor_stagger, kennysheep_crisscross, uniq_rupert
Temple:   jpeg_temple_island
Lair:1:   layout_cave_pods
Lair:2:   layout_gridlike, nicolae_spider_entry_orb_guardian
Lair:3:   layout_roguey, gauntlet_entry_generic, special_room
          [special_room_bee], grunt_megastairs_1
Lair:4:   layout_roguey, swamp_mist, portal_ice_cave_entry_imps,
          gammafunk_ghost_wrathful_warriors, nzn_random_ring
Lair:5:   layout_misc_corridors, slime_dummy, lookout_lair_type
Lair:6:   cheibrodos_lair_end_hotspot, layout_hall_layers, st_stairs_12,
          minmay_lair_oklob_chamber
Spider:1: layout_spider_delve, drop_trap, zaba_antful_of_joy
Orc:1:    layout_caves, serial_shops, nicolae_shop_waterfront, shop,
          nicolae_shop_temple_entry_statues_fountains
Orc:2:    pf_orc_diabolical, layout_caves, maelrawn_ghost_gauntlet_escape

Skill      XL: |  1  2  3  4  5  6  7  8  9 10 11 12 13 14 |
---------------+-------------------------------------------+-----
Transmutations | 3 4 6 7 9 10 11 | 11.7
Unarmed Combat | 4 5 7 9 10 11 13 14 | 14.1
Fighting       | 5 6 7 9 10 12 | 12.1
Dodging        | 2 3 5 8 9 |  9.8
Ice Magic      | 1 3 4 5 |  5.4
Invocations    | 3 6 10 12 | 12.0
Spellcasting   | 3 4 |  4.5
Evocations     | 1 5 |  5.3

Action                   |  1- 3 |  4- 6 |  7- 9 | 10-12 | 13-15 || total
-------------------------+-------+-------+-------+-------+-------++-------
Melee: Unarmed           |   146 |   219 |   407 |   644 |   547 ||  1963
       Tailslap          |    12 |    20 |    30 |    56 |    71 ||   189
       Kick              |    10 |    32 |    62 |    25 |    71 ||   200
       Headbutt          |     8 |    16 |    31 |     4 |     4 ||    63
       Punch             |       |     7 |     4 |    17 |    33 ||    61
       Peck              |       |       |       |       |    62 ||    62
 Cast: Beastly Appendage |    18 |    24 |    35 |     9 |     6 ||    92
       Wereblood         |       |     4 |     8 |    13 |    20 ||    45
       Spider Form       |       |     5 |    17 |    12 |       ||    34
       Ice Form          |       |       |     2 |     6 |     3 ||    11
       Blade Hands       |       |       |       |    45 |    66 ||   111
       Frozen Ramparts   |       |       |       |       |    15 ||    15
Invok: Line Pass         |       |       |     1 |       |       ||     1
       Stomp             |       |       |       |     4 |     1 ||     5
Evoke: Wand              |       |       |     5 |    10 |    13 ||    28
  Use: Scroll            |     1 |    10 |    10 |     8 |    16 ||    45
       Potion            |       |     5 |     7 |     6 |     8 ||    26
 Stab: Paralysed         |       |       |    15 |    50 |    60 ||   125
       Sleeping          |       |       |       |     1 |       ||     1
Armor: Skin              |    50 |    43 |   106 |   177 |    93 ||   469
Dodge: Dodged            |   106 |   157 |   239 |   399 |   315 ||  1216
Block: Other             |       |       |       |    61 |    91 ||   152
       Reflection        |       |       |       |     1 |       ||     1

Table legend: (Time is in decaauts)
 A = Elapsed time spent in this place.
 B = Non-inter-level travel time spent in this place.
 C = Inter-level travel time spent in this place.
 D = Time resting spent in this place.
 E = Time spent auto-exploring this place.
 F = Levels seen in this place.
 G = Mean time per level.
                   A        B        C        D        E       F      G
               +--------+--------+--------+--------+--------+-----+--------+
         Total |  33490 |  32083 |   1407 |   5427 |  22402 |  26 | 1288.1 |
       Dungeon |  20876 |  20075 |    801 |   3292 |  14029 |  14 | 1491.1 |
        Temple |    218 |    206 |     12 |      0 |    198 |   1 |  218.0 |
          Lair |   9546 |   8966 |    580 |   1130 |   6923 |   6 | 1591.0 |
   Spider Nest |     22 |     22 |      0 |      0 |      0 |   1 |   22.0 |
  Orcish Mines |    760 |    748 |     12 |    220 |    390 |   2 |  380.0 |
       Ossuary |    635 |    635 |      0 |    198 |    283 |   1 |  635.0 |
      Ice Cave |   1429 |   1429 |      0 |    587 |    579 |   1 | 1429.0 |
               +--------+--------+--------+--------+--------+-----+--------+

Top non-repeatable levels by time:
  Lair:6: 2801 daAuts
     D:4: 2076 daAuts
    D:11: 1871 daAuts
     D:6: 1833 daAuts
  Lair:2: 1756 daAuts
     D:8: 1749 daAuts
     D:3: 1737 daAuts
     D:2: 1656 daAuts
  Lair:3: 1640 daAuts
    D:10: 1636 daAuts
    D:12: 1586 daAuts
   IceCv: 1429 daAuts
    D:14: 1405 daAuts
     D:5: 1402 daAuts
  Lair:4: 1395 daAuts
